 Dungeon Crawl Stone Soup version 0.17.0-9-g801d43b (console) character file.

1230 Kloppie the Skirmisher (level 8, 0/67 HPs)
             Began as a Formicid Fighter on Nov 9, 2015.
             Was a Believer of Ru.
             Slain by Duvessa
             ... wielding a +0 rapier
              (10 damage)
             ... on level 6 of the Dungeon.
             The game lasted 00:13:47 (5116 turns).

Kloppie the Skirmisher (Formicid Fighter)           Turns: 5116, Time: 00:13:47

Health: 0/67       AC: 13    Str: 23    XL:     8   Next: 77%
Magic:  8/8        EV:  6    Int:  7    God:    Ru [**....]
Gold:   299        SH:  9    Dex: 11    Spells: 0 memorised, 7 levels left

rFire  + . .     SeeInvis +     a - +1 war axe
rCold  . . .     Clarity  .     m - +0 chain mail
rNeg   . . .     SustAt   .     c - +0 shield
rPois  .         Gourm    .     (helmet unavailable)
rElec  .         Spirit   .     s - +0 cloak
rCorr  .         Warding  .     k - +0 pair of gloves
rMut   .         Stasis   +     (no boots)
MR     .....                    (no amulet)
Stlth  ..........               b - ring of protection from fire
                                x - ring of teleportation (curse)

@: no scrolls, not resistant to hostile enchantments, extremely unstealthy
A: permanent stasis, dig shafts and tunnels, four strong arms, antennae 3, no
device heal 1, inability to read while threatened
a: Dig, Shaft Self, Renounce Religion, Evoke Teleportation


You were on level 6 of the Dungeon.
You worshipped Ru.
Ru was pleased with you.
You were hungry.

You visited 1 branch of the dungeon, and saw 6 of its levels.

You collected 299 gold pieces.

Inventory:

Hand Weapons
 a - a +1 war axe (weapon)
Armour
 c - a +0 shield (worn)
 k - a +0 pair of gloves (worn)
 m - a +0 chain mail (worn)
 s - a +0 cloak (worn)
Jewellery
 b - a ring of protection from fire (right hand)
 j - a +3 ring of evasion
 x - a cursed ring of teleportation (left hand)
Wands
 r - a wand of random effects (46)
Scrolls
 v - 2 scrolls of identify
 w - a scroll of remove curse
Potions
 d - a potion of might
 f - a potion of curing {unknown}
 g - 2 potions of agility
 h - a potion of resistance
 i - a potion of mutation {unknown}
 n - 2 potions of invisibility {unknown}
 p - a potion of lignification {unknown}
 t - a potion of flight {unknown}
 u - a potion of cancellation {unknown}
Comestibles
 e - 6 bread rations
 o - 3 meat rations
 z - 2 royal jellies


   Skills:
 + Level 7.3 Fighting
 + Level 6.0 Axes
 + Level 6.8 Armour
 - Level 3.6 Shields


You had 7 spell levels left.
You didn't know any spells.

Dungeon Overview and Level Annotations

Branches:
Dungeon (6/15)             Temple (0/1) D:4

Altars:
Gozag
Kikubaaqudgha
Nemelex Xobeh
Qazlal
Ru
Sif Muna
Vehumet
Xom
Yredelemnul
The Shining One

Shops:
D:6 (

Annotations:
D:6 Duvessa


Innate Abilities, Weirdness & Mutations

You are under a permanent stasis effect.
You can dig through walls and to a lower floor.
Your four strong arms can wield two-handed weapons with a shield.
You have a pair of large antennae on your head (SInv).
Potions and wands are less effective at restoring your health.
You cannot read scrolls while threatened.


Message History

Duvessa is severely wounded.
You block Duvessa's attack. Duvessa hits you with a rapier!
You feel threatened and lose the ability to read scrolls!
* * * LOW HITPOINT WARNING * * *
You are too injured to fight recklessly!
You are too injured to fight recklessly!
You are too injured to fight recklessly!
You are too injured to fight recklessly!
You are too injured to fight recklessly!
You closely miss Duvessa.
Duvessa is severely wounded.
Duvessa hits you with a rapier.
* * * LOW HITPOINT WARNING * * *
Duvessa hits you with a rapier!
* * * LOW HITPOINT WARNING * * *
You focus your will and blind Duvessa in retribution!
You hit Duvessa.
Duvessa is severely wounded.
Duvessa hits you with a rapier!
You die...

##ยง....#
##.....###.##...
........>#......## .#
##....##....)....## ..#
......# ..........# ...#
...#..............##...#
......##................
{ ........ ......)e..#
#.# ......#.........@..#
#.# ..<..............###
#.# .......
.........####.#
....###................#
### .................##
#.................# #
#................## .
#.#.............## ####
#.##......##.####


You could see Duvessa (berserk).

Vanquished Creatures
  A phantom (D:6)
  3 ogres
  A giant frog (D:6)
  Dowan (D:6)
  The ghost of Ohli the Skirmisher, a weakling DsFi (D:3)
  3 crimson imps
  A quasit (D:6)
  6 orc wizards
  3 worker ants
  Jessica (D:3)
  An iguana (D:5)
  Terence (D:2)
  A hound skeleton (D:4)
  4 gnolls (D:4)
  4 adders
  2 shadow imps
  3 worms
  19 orcs
  4 ball pythons
  7 giant cockroaches
  9 hobgoblins
  12 jackals
  6 quokkas
  A ball python skeleton (D:5)
  7 bats
  9 giant geckos
  3 giant gecko skeletons
  7 giant newts
  13 goblins
  A goblin skeleton (D:4)
  A goblin zombie (D:4)
  A hobgoblin zombie (D:4)
  3 kobolds
  A kobold skeleton (D:4)
  2 kobold zombies (D:4)
  2 orc skeletons (D:4)
  7 rats
152 creatures vanquished.

Vanquished Creatures (others)
  A giant newt (D:5)
1 creature vanquished.

Grand Total: 153 creatures vanquished

Notes
Turn   | Place    | Note
--------------------------------------------------------------
     0 | D:1      | Kloppie the Formicid Fighter began the quest for the Orb.
     0 | D:1      | Reached XP level 1. HP: 18/18 MP: 1/1
   192 | D:1      | Reached XP level 2. HP: 24/24 MP: 2/2
   513 | D:1      | Reached XP level 3. HP: 30/30 MP: 3/3
   965 | D:2      | Reached skill level 4 in Fighting
  1205 | D:2      | Found a faded altar to an unknown god.
  1211 | D:2      | Reached XP level 4. HP: 37/37 MP: 4/4
  1228 | D:2      | Noticed Terence
  1241 | D:2      | Killed Terence
  1395 | D:2      | Found a sacrificial altar of Ru.
  1530 | D:2      | Became a worshipper of Ru the Awakened
  1724 | D:2      | Found a shimmering altar of Xom.
  1785 | D:2      | Reached XP level 5. HP: 43/43 MP: 5/5
  1933 | D:3      | Found a radiant altar of Vehumet.
  2032 | D:3      | Found a basalt altar of Yredelemnul.
  2131 | D:3      | Noticed Ohli's ghost (weakling DsFi)
  2147 | D:3      | Killed Ohli's ghost
  2694 | D:3      | Noticed Jessica
  2697 | D:3      | Killed Jessica
  2697 | D:3      | Reached XP level 6. HP: 40/50 MP: 6/6
  2753 | D:4      | Reached skill level 5 in Fighting
  2779 | D:4      | Gained mutation: You cannot read scrolls while threatened. [Ru sacrifice]
  2779 | D:4      | Reached * piety under Ru
  2798 | D:4      | Found a glowing golden altar of the Shining One.
  3119 | D:4      | Found a staircase to the Ecumenical Temple.
  3284 | D:4      | HP: 1/51 [ogre/giant club (15)]
  3285 | D:4      | Reached skill level 5 in Armour
  3285 | D:4      | Reached XP level 7. HP: 1/56 MP: 7/7
  3784 | D:4      | Reached skill level 6 in Fighting
  3975 | D:5      | Entered Level 5 of the Dungeon
  4174 | D:5      | Reached skill level 5 in Axes
  4210 | D:5      | Reached XP level 8. HP: 60/65 MP: 8/8
  4225 | D:5      | Found a sparkling altar of Nemelex Xobeh.
  4399 | D:5      | Gained mutation: Potions and wands are less effective at restoring your health. [Ru sacrifice]
  4399 | D:5      | Reached ** piety under Ru
  4582 | D:5      | Found an opulent altar of Gozag.
  4583 | D:5      | Found a stormy altar of Qazlal.
  4859 | D:6      | Found Qorouk Egor's Antique Weapon Emporium.
  4924 | D:6      | Reached skill level 7 in Fighting
  5025 | D:6      | Found a sacrificial altar of Ru.
  5025 | D:6      | Found an ancient bone altar of Kikubaaqudgha.
  5026 | D:6      | Found a deep blue altar of Sif Muna.
  5098 | D:6      | Noticed Duvessa
  5099 | D:6      | Noticed Dowan
  5112 | D:6      | Killed Dowan
  5116 | D:6      | Slain by Duvessa

Action                   |  1- 3 |  4- 6 |  7- 9 || total
-------------------------+-------+-------+-------++-------
Melee: War axe           |   108 |   226 |   196 ||   530
Invok: Sacrifice Words   |       |     1 |       ||     1
       Sacrifice Purity  |       |       |     1 ||     1
  Use: Scroll            |       |       |    10 ||    10
  Eat: Chunk             |     1 |     7 |     6 ||    14
